AoeStats
← 859

Four Lakes

508836149Analyzed
1v1 RM · 9d ago on Sep 24, 2026· 28m 44s· 2 players
Game mode
Random Map
Map size
Tiny (2 player)
Population
200
Speed
Normal
Resources
Standard
Victory
Conquest
Starting age
Dark Age
Ending age
Imperial Age
RankedLock teamsTeams togetherTeam positionsShared explorationLock speedFull tech treeHidden civsTurbo modeCheats
Victory
Defeat
🇨🇿 Mapuche · Czechia
1177
+15
🇨🇳 Persians · China
1162
-15
859
9:55 Feudal Age
9:32 Loom
16:31 Castle Age
16:14 Double-Bit Axe
16:14 Horse Collar
16:30 Fletching
23:25 Bloodlines
24:58 Wheelbarrow
25:15 Scale Barding Armor
27:11 Husbandry
27:48 Chain Barding Armor
SnakeChord
7:11 Loom
9:26 Feudal Age
9:29 Champi Runner
15:53 Double-Bit Axe
15:49 Horse Collar
20:34 Castle Age
19:41 Forging
20:18 Arson
20:39 Pikeman
22:17 Champi Warrior
28:31 Iron Casting
Connection lost

Rejoining the realm…

Still unreachable

The connection could not be restored.

Session expired

The server has moved on; the page needs a fresh start.